Map: Romanticide LE

Players

Spock

  • Race: Protoss Protoss
  • Spawn Location: 5:00

jamestkirk - Winner!

  • Race: Protoss Protoss
  • League: Gold
  • Spawn Location: 11:00

VOD

Have the link to the VOD?

Description

Time

  • Played on: May 12, 2021, 5:25 p.m.
  • Length: 20:36
Show
View Real Time Build Order
Export as new Build Order

Spock Protoss 

Build Orders: Carriers 

Get SALT Encoding   

  12  0:01  Probe  
  13  0:13  Pylon  
  13  0:18  Probe  
  14  0:30  Probe (Chrono Boost)  
  14  0:34  Gateway  
  15  0:39  Probe (Chrono Boost)  
  16  0:45  Probe  
  17  0:55  Assimilator  
  17  0:57  Probe  
  18  1:09  Probe, Pylon  
  19  1:21  Probe (Chrono Boost)  
  19  1:23  Cybernetics Core  
  20  1:32  Probe (Chrono Boost), Zealot  
  23  1:38  Probe (Chrono Boost)  
  24  1:49  Probe  
  24  1:50  Gateway  
  25  2:01  Probe  
  25  2:03  Warp Gate  
  26  2:21  Twilight Council  
  26  2:22  Gateway  
  26  2:23  Probe, Zealot  
  29  2:32  Pylon  
  29  2:35  Probe  
  30  2:48  Pylon  
  30  2:50  Zealot  
  32  2:54  Zealot (Chrono Boost)  
  32  2:58  Gateway  
  34  3:00  Charge  
  34  3:14  Zealot (Chrono Boost)  
  34  3:15  Zealot (Chrono Boost)  
  40  3:27  Zealot (Chrono Boost)  
  40  3:32  Zealot  
  42  3:54  Zealot x2  
  46  4:05  Nexus  
  46  4:10  Pylon  
  46  4:14  Pylon  
  46  4:26  Pylon  
  46  4:33  Zealot x2  
  46  4:34  Zealot x2  
  52  4:48  Stargate  
  46  4:54  Zealot  
  46  4:55  Zealot  
  38  5:11  Zealot x2  
  42  5:22  Probe x2 (Chrono Boost)  
  42  5:26  Assimilator  
  44  5:34  Probe x2 (Chrono Boost)  
  46  5:40  Zealot  
  46  5:42  Probe x2 (Chrono Boost)  
  50  5:43  Zealot  
  50  5:48  Probe x2  
  53  5:51  Void Ray (Chrono Boost)  
  58  6:02  Pylon  
  58  6:06  Pylon  
  58  6:14  Forge  
  58  6:17  Robotics Facility  
  58  6:18  Zealot  
  60  6:22  Zealot  
  62  6:27  Void Ray  
  66  6:42  Assimilator  
  66  6:44  Assimilator  
  66  7:09  Probe x2  
  66  7:12  Zealot x3  
  66  7:13  Zealot  
  76  7:15  Void Ray  
  76  7:21  Probe  
  81  7:24  Probe  
  82  7:33  Probe  
  82  7:36  Probe  
  84  7:49  Observer  
  84  7:50  Protoss Ground Weapons Level 1  
  85  7:53  Void Ray  
  85  7:55  Nexus  
  89  7:58  Pylon  
  89  8:01  Pylon  
  89  8:04  Stalker  
  89  8:05  Stalker  
  93  8:10  Observer  
  94  8:18  Assimilator  
  94  8:24  Assimilator  
  94  8:30  Void Ray  
  98  8:34  Zealot  
  98  8:35  Zealot  
  102  8:52  Zealot  
  102  8:53  Zealot  
  106  8:57  Protoss Air Weapons Level 1  
  94  9:07  Void Ray  
  54  9:44  Void Ray (Chrono Boost)  
  58  9:46  Probe x2, Stargate  
  58  9:50  Immortal  
  64  10:00  Probe x2  
  64  10:01  Photon Cannon  
  64  10:02  Shield Battery  
  66  10:08  Probe  
  66  10:12  Probe x2  
  66  10:13  Stalker  
  66  10:14  Protoss Ground Armor Level 1  
  71  10:18  Void Ray (Chrono Boost)  
  71  10:20  Probe  
  76  10:24  Probe x2  
  76  10:26  Photon Cannon  
  78  10:36  Probe x2  
  78  10:39  Zealot  
  78  10:40  Zealot x2  
  86  10:47  Void Ray  
  86  10:49  Void Ray  
  94  11:06  Fleet Beacon  
  94  11:07  Protoss Air Armor Level 1 (Chrono Boost)  
  94  11:12  Zealot x2  
  94  11:13  Zealot x2  
  102  11:28  Pylon  
  102  11:29  Shield Battery  
  102  11:32  Photon Cannon  
  102  11:33  Photon Cannon  
  102  11:35  Void Ray  
  106  11:49  Stalker x2  
  106  11:50  Stalker  
  106  11:52  Zealot  
  114  12:02  Carrier  
  120  12:09  Probe x2  
  122  12:23  Nexus  
  122  12:25  Flux Vanes  
  122  12:29  Carrier  
  128  12:45  Pylon  
  128  12:47  Pylon  
  128  12:59  Protoss Air Weapons Level 2 (Chrono Boost)  
  128  13:04  Protoss Ground Armor Level 2  
  128  13:06  Void Ray  
  132  13:13  Zealot  
  134  13:20  Probe  
  134  13:21  Probe x2  
  137  13:31  Zealot  
  137  13:32  Zealot  
  137  13:33  Tempest  
  146  13:39  Pylon  
  146  13:43  Void Ray  
  146  13:44  Pylon  
  150  13:48  Pylon  
  150  13:52  Zealot  
  150  13:53  Zealot, Photon Cannon  
  154  14:02  Observer  
  155  14:16  Void Ray  
  159  14:23  Carrier  
  165  14:33  Probe x3, Stargate  
  165  14:34  Pylon  
  168  14:41  Probe  
  168  14:45  Probe  
  170  14:53  Tempest  
  145  15:20  Protoss Air Armor Level 2 (Chrono Boost)  
  145  15:27  Void Ray, Carrier  
  155  15:36  Void Ray  
  155  15:37  Probe x3  
  162  15:44  Photon Cannon  
  162  15:47  Photon Cannon  
  162  15:49  Photon Cannon  
  162  15:51  Shield Battery  
  162  16:01  Pylon  
  162  16:04  Void Ray  
  166  16:13  Void Ray  
  170  16:19  Assimilator  
  170  16:22  Assimilator  
  170  16:31  Tempest  
  175  16:42  Void Ray (Chrono Boost)  
  179  16:49  Zealot  
  179  16:52  Void Ray (Chrono Boost)  
  151  17:11  Tempest (Chrono Boost)  
  151  17:13  Unknown  
  156  17:16  Carrier (Chrono Boost)  
  158  17:24  Void Ray (Chrono Boost)  
  146  17:30  Protoss Air Weapons Level 3 (Chrono Boost)  
  134  17:47  Tempest (Chrono Boost)  
  139  17:53  Carrier (Chrono Boost)  
  146  18:20  Tempest (Chrono Boost)  
  146  18:24  Void Ray (Chrono Boost)  
  150  18:41  Nexus  
  150  18:43  Pylon  
  150  18:45  Pylon  
  150  18:47  Pylon  
  150  18:48  Pylon  
  150  18:50  Stargate, Void Ray  
  154  18:56  Void Ray, Carrier  
  158  19:27  Void Ray  
  162  19:34  Void Ray  
  166  19:43  Void Ray  
  131  19:59  Zealot  
  103  20:00  Zealot  
Show
View Real Time Build Order
Export as new Build Order

jamestkirk Protoss - Winner!

Build Orders: 1 Gate Expand 

Get SALT Encoding   

  12  0:01  Probe  
  13  0:13  Probe  
  14  0:21  Pylon  
  14  0:25  Probe  
  15  0:39  Probe  
  16  0:44  Gateway  
  16  0:52  Probe (Chrono Boost)  
  17  0:57  Assimilator  
  17  1:02  Probe (Chrono Boost)  
  18  1:07  Probe (Chrono Boost)  
  19  1:18  Probe  
  20  1:26  Nexus  
  20  1:30  Probe  
  21  1:37  Assimilator  
  21  1:43  Pylon  
  21  1:48  Probe  
  22  2:01  Probe (Chrono Boost)  
  23  2:04  Cybernetics Core  
  23  2:08  Gateway  
  23  2:13  Probe (Chrono Boost)  
  24  2:20  Probe (Chrono Boost)  
  25  2:29  Pylon  
  25  2:31  Probe (Chrono Boost)  
  25  2:35  Warp Gate (Chrono Boost)  
  26  2:41  Probe (Chrono Boost)  
  26  2:42  Stalker  
  29  2:47  Probe  
  30  2:57  Robotics Facility  
  32  2:58  Probe  
  32  2:59  Probe  
  32  3:00  Sentry  
  34  3:10  Probe  
  34  3:11  Probe  
  36  3:19  Stalker  
  38  3:24  Probe  
  38  3:25  Probe  
  40  3:36  Probe  
  40  3:37  Probe  
  42  3:45  Immortal (Chrono Boost)  
  46  3:48  Probe  
  46  3:49  Probe  
  46  3:55  Shield Battery  
  48  4:01  Probe x2  
  49  4:15  Zealot x2  
  53  4:21  Pylon  
  53  4:24  Probe  
  54  4:29  Shield Battery  
  54  4:39  Probe x2  
  54  4:43  Pylon  
  54  4:48  Pylon  
  54  4:49  Stalker x2  
  54  4:51  Probe x2  
  58  5:11  Immortal (Chrono Boost)  
  62  5:15  Gateway  
  62  5:18  Zealot x2  
  62  5:19  Gateway  
  62  5:20  Probe x2  
  67  5:37  Assimilator  
  67  5:38  Zealot x2  
  67  5:40  Assimilator  
  67  5:42  Probe x2, Immortal (Chrono Boost)  
  78  5:57  Probe (Chrono Boost)  
  78  6:01  Shield Battery  
  78  6:03  Pylon x2  
  78  6:21  Probe x2, Pylon  
  78  6:24  Stalker x2  
  78  6:25  Nexus, Stalker x2  
  88  6:28  Pylon x2  
  88  6:33  Probe x2  
  90  6:45  Probe (Chrono Boost)  
  92  6:48  Probe (Chrono Boost)  
  92  6:51  Nexus  
  92  6:52  Pylon  
  92  6:55  Pylon  
  92  6:57  Probe (Chrono Boost)  
  92  6:59  Stalker x4  
  101  7:02  Probe (Chrono Boost)  
  101  7:09  Shield Battery  
  101  7:16  Forge  
  101  7:17  Forge  
  101  7:20  Pylon  
  99  7:23  Stalker x3  
  105  7:31  Probe (Chrono Boost)  
  105  7:35  Probe (Chrono Boost)  
  108  7:44  Immortal  
  108  7:45  Probe (Chrono Boost)  
  112  7:55  Protoss Ground Weapons Level 1 (Chrono Boost), Protoss Ground Armor Level 1 (Chrono Boost)  
  112  7:57  Probe  
  112  7:58  Probe  
  114  8:01  Stalker x3  
  114  8:05  Pylon  
  120  8:14  Probe (Chrono Boost), Photon Cannon  
  120  8:16  Probe x2 (Chrono Boost)  
  123  8:26  Probe (Chrono Boost)  
  126  8:30  Probe x2 (Chrono Boost)  
  126  8:37  Probe, Assimilator  
  126  8:40  Assimilator  
  127  8:44  Gateway  
  127  8:46  Gateway x2  
  127  8:53  Stalker x4  
  106  9:09  Observer  
  95  9:13  Twilight Council  
  89  9:22  Pylon  
  89  9:25  Shield Battery, Probe (Chrono Boost)  
  89  9:30  Probe x2 (Chrono Boost)  
  92  9:35  Probe (Chrono Boost)  
  95  9:38  Probe (Chrono Boost)  
  95  9:39  Probe (Chrono Boost)  
  95  9:42  Probe (Chrono Boost)  
  96  9:49  Probe (Chrono Boost)  
  99  9:54  Probe (Chrono Boost)  
  99  9:55  Probe x2 (Chrono Boost)  
  99  9:58  Immortal  
  99  9:59  Protoss Ground Weapons Level 2  
  104  10:00  Protoss Ground Armor Level 2  
  104  10:01  Probe  
  104  10:03  Charge  
  105  10:10  Assimilator  
  107  10:21  Probe (Chrono Boost), Nexus  
  107  10:22  Probe (Chrono Boost), Pylon  
  107  10:25  Probe (Chrono Boost)  
  108  10:32  Probe x2 (Chrono Boost)  
  108  10:35  Probe (Chrono Boost)  
  111  10:36  Templar Archives  
  111  10:37  Probe (Chrono Boost)  
  111  10:38  Probe  
  111  10:39  Photon Cannon  
  113  10:44  Stalker x2  
  113  10:45  Probe, Stalker x2  
  113  10:49  Probe  
  123  10:50  Probe  
  124  11:00  Probe  
  124  11:01  Probe  
  124  11:03  Probe  
  127  11:15  Gateway  
  127  11:16  Gateway  
  127  11:19  Probe x3  
  127  11:20  Gateway  
  127  11:21  Gateway  
  127  11:22  Stalker  
  127  11:23  Stalker  
  137  11:34  Probe x2 (Chrono Boost)  
  137  11:35  Probe x2 (Chrono Boost)  
  138  11:46  Probe (Chrono Boost)  
  142  11:47  Probe (Chrono Boost)  
  142  11:48  Probe x2 (Chrono Boost)  
  142  11:50  Probe (Chrono Boost)  
  142  11:51  Stalker x4  
  151  11:55  Probe  
  151  11:56  Probe  
  153  12:11  Stalker x2  
  153  12:14  Stalker x2  
  161  12:17  Nexus  
  161  12:18  Pylon x2  
  161  12:23  Probe  
  161  12:25  Probe  
  163  12:37  Stalker  
  163  12:38  Stalker x5  
  163  12:39  Stalker  
  177  12:48  Protoss Ground Weapons Level 3 (Chrono Boost)  
  177  12:50  Assimilator  
  177  12:51  Assimilator  
  177  12:52  Protoss Ground Armor Level 3 (Chrono Boost)  
  177  13:11  Stalker  
  177  13:12  Stalker x2  
  183  13:17  High Templar x2  
  187  13:26  Archon  
  187  13:27  Pylon  
  187  13:28  Pylon  
  187  13:49  High Templar x6  
  187  13:53  Archon  
  187  13:54  Archon x2  
  199  14:05  Gateway  
  199  14:08  Gateway  
  199  14:10  Gateway  
  197  14:17  Gateway x2  
  197  14:19  Gateway  
  197  14:22  Gateway  
  197  14:31  Gateway  
  197  14:33  Gateway  
  197  14:35  Gateway  
  197  14:37  Gateway  
  150  15:20  Stalker x5  
  150  15:21  Stalker x7  
  168  15:22  Stalker x3  
  180  15:37  Unknown  
  180  15:57  High Templar x9  
  182  15:58  High Templar  
  182  15:59  Nexus  
  182  16:00  Pylon  
  182  16:02  Archon x4  
  182  16:03  Archon  
  182  16:04  Pylon  
  200  16:07  Pylon  
  200  16:18  Protoss Shields Level 1 (Chrono Boost)  
  200  16:34  Dark Shrine  
  192  16:52  Stalker x5  
  192  16:53  Stalker x7  
  192  16:54  Stalker x4  
  178  16:55  Stalker x3  
  126  17:29  Stalker x3  
  122  17:30  Stalker x5  
  122  17:31  Stalker x7  
  128  17:46  Blink (Chrono Boost)  
  104  18:06  Stalker x7  
  104  18:07  Stalker x9  
  104  18:08  Stalker x3  
  142  18:30  Nexus  
  142  18:31  High Templar x8  
  142  18:33  Pylon x2  
  158  18:37  Archon x3  
  158  18:38  Archon  
  158  18:41  Stalker x2  
  158  18:42  Stalker x3  
  168  18:55  Assimilator  
  168  19:00  Assimilator  
  158  19:25  Stalker x9  
  158  19:26  Stalker x2  
  144  19:54  Stalker x5  
  144  19:55  Stalker x6  
  154  20:10  Stalker x4  
  154  20:11  Stalker x2  
Tags
 
Composition
Carriers
League
Gold
Matchup
PvP
Spawn Locations
Cross Positions
Add a new tag
Caveats
  • Supply blocks, unpowered buildings, or Contaminate may cause inaccurate times.
  • Supply counts are checked every 10 seconds.